Map: Acropolis LE

Players

Mez

  • Race: Terran Terran
  • League: Master
  • Spawn Location: 5:00

A.I. 1 (Very Easy) - Winner!

  • Race: Protoss Protoss
  • Spawn Location: 11:00

VOD

Have the link to the VOD?

Description

Time

  • Played on: Aug. 9, 2019, 5:16 p.m.
  • Length: 5:29
Show
View Real Time Build Order
Export as new Build Order

Mez Terran 

Build Orders: Reaper Expand 

Get SALT Encoding   

  12  0:01  SCV  
  13  0:14  SCV  
  14  0:18  Supply Depot  
  14  0:26  SCV  
  15  0:39  SCV  
  15  0:40  Barracks  
  16  0:44  Refinery  
  16  0:51  SCV  
  17  1:04  SCV  
  18  1:16  SCV  
  19  1:30  Reaper, Orbital Command  
  20  1:40  Command Center  
  20  1:48  Bunker  
  20  1:56  SCV  
  21  2:02  Barracks Reactor  
  21  2:03  Supply Depot  
  21  2:10  SCV  
  22  2:22  SCV  
  23  2:35  SCV  
  24  2:38  Command Center  
  24  2:39  Marine x2  
  26  2:50  Factory  
  26  2:53  SCV  
  26  2:56  Orbital Command  
  27  3:00  Marine x2  
  27  3:05  Refinery  
  29  3:09  SCV  
Show
View Real Time Build Order
Export as new Build Order

A.I. 1 (Very Easy) Protoss - Winner!

Build Orders:  

Get SALT Encoding   

  12  0:00  Probe  
  13  0:13  Probe  
  14  0:19  Pylon  
  14  0:37  Assimilator  
  14  0:43  Gateway  
  14  0:45  Pylon  
  14  1:15  Assimilator  
  14  1:22  Probe  
  14  1:24  Zealot  
  14  1:30  Probe  
  14  1:32  Cybernetics Core  
  18  1:40  Probe  
  19  1:52  Probe  
  20  2:01  Probe  
  20  2:08  Warp Gate  
  21  2:09  Probe  
  22  2:45  Stalker  
Tags
 
Add a new tag
Caveats
  • Supply blocks, unpowered buildings, or Contaminate may cause inaccurate times.
  • Supply counts are checked every 10 seconds.